DBL
OAKLAND ATHLETICS @ SAN DIEGO PADRES
04/01/1997
 
TOP OF THE 1ST
Oakland Athletics batting - Pitching for San Diego Padres : RHP Darryl Kile
Pitching: RHP Darryl Kile
Batting: RHB Rickey Henderson 0-0: Ball
1-0: Ball
2-0: Foul Ball, location: 2F
2-1: Ball
3-1: Base on Balls
Batting: LHB John Olerud 0-0: Ball
1-0: 2-RUN HOME RUN (Flyball, 9D, EV 90.0 MPH), Distance : 371 ft
Batting: RHB Jay Buhner 0-0: Called Strike
0-1: Swinging Strike
0-2: Strikes out swinging
Batting: LHB David Justice 0-0: Called Strike
0-1: Swinging Strike
0-2: Foul Ball, location: 2F
0-2: Ball
1-2: Ball
2-2: Foul Ball, location: 2F
2-2: Ball
3-2: Base on Balls
Batting: SHB Geronimo Pena 0-0: Ball
1-0: Called Strike
1-1: Foul Ball, location: 2F
1-2: Ball
2-2: 2-RUN HOME RUN (Flyball, 8LXD, EV 106.9 MPH), Distance : 434 ft
Batting: RHB Benito Santiago 0-0: Fly out, F4 (Popup, 4MS, EV 57.5 MPH)
Batting: RHB Herbert Perry 0-0: Called Strike
0-1: Fly out, F4 (Popup, 34S, EV 80.0 MPH)
Top of the 1st over - 4 runs, 2 hits, 0 errors, 0 left on base; Oakland 4 - San Diego 0
BOTTOM OF THE 1ST
San Diego Padres batting - Pitching for Oakland Athletics : RHP John Mitchell
Pitching: RHP John Mitchell
Batting: LHB Darryl Hamilton 0-0: Ball
1-0: Ball
2-0: Called Strike
2-1: Ball
3-1: Base on Balls
Batting: LHB Jim Edmonds 0-0: Called Strike
0-1: Foul Ball, location: 2F
0-2: Ball
1-2: Strikes out looking
Batting: RHB Manny Ramirez 0-0: Ball
1-0: Ball
Darryl Hamilton steals 2nd base
2-0: Called Strike
2-1: Foul Ball, location: 2F
2-2: Foul Ball, location: 2F
2-2: Ball
3-2: Foul Ball, location: 2F
3-2: SINGLE (Groundball, 4MS, EV 61.3 MPH) (infield hit)
Darryl Hamilton to third
Batting: SHB Tony Clark 0-0: Called Strike
0-1: Fly out, F9 (Flyball, 89D, EV 104.4 MPH)
Runner from 3rd tags up, SCORES, no throw by RF
Batting: LHB Dave Magadan 0-0: Swinging Strike
0-1: Called Strike
0-2: Ball
1-2: Ball
2-2: Strikes out swinging
Bottom of the 1st over - 1 run, 1 hit, 0 errors, 1 left on base; Oakland 4 - San Diego 1
TOP OF THE 2ND
Oakland Athletics batting - Pitching for San Diego Padres : RHP Darryl Kile
Batting: SHB Devon White 0-0: Ball
1-0: Ground out 1-3 (Groundball, 15S, EV 65.0 MPH)
Batting: RHB Greg Litton 0-0: Ground out 6-3 (Groundball, 6, EV 90.6 MPH)
Batting: RHB Rickey Henderson 0-0: Ball
1-0: Ball
2-0: Ball
3-0: Called Strike
3-1: Foul Ball, location: 2F
3-2: Base on Balls
Batting: LHB John Olerud 0-0: Called Strike
0-1: Foul Ball, location: 2F
0-2: Foul Ball, location: 2F
0-2: Ball
1-2: Ball
2-2: Fly out, F7 (Line Drive, 7, EV 105.6 MPH)
Top of the 2nd over - 0 runs, 0 hits, 0 errors, 1 left on base; Oakland 4 - San Diego 1
BOTTOM OF THE 2ND
San Diego Padres batting - Pitching for Oakland Athletics : RHP John Mitchell
Batting: RHB Jeff Conine 0-0: Ball
1-0: Called Strike
1-1: Called Strike
1-2: Foul Ball, location: 2F
1-2: Ball
2-2: Foul Ball, location: 2F
2-2: Ball
3-2: Ground out 6-3 (Groundball, 6, EV 105.0 MPH)
Batting: LHB Ed Taubensee 0-0: Ball
1-0: Ball
2-0: Ground out U3 (Groundball, 34, EV 100.6 MPH)
Batting: RHB Craig Grebeck 0-0: Ball
1-0: Ball
2-0: Fly out, F8 (Line Drive, 8LM, EV 105.0 MPH)
Bottom of the 2nd over - 0 runs, 0 hits, 0 errors, 0 left on base; Oakland 4 - San Diego 1
TOP OF THE 3RD
Oakland Athletics batting - Pitching for San Diego Padres : RHP Darryl Kile
Batting: RHB Jay Buhner 0-0: Foul Ball, location: 2F
0-1: Swinging Strike
0-2: Fly out, F8 (Flyball, 8RS, EV 85.6 MPH)
Batting: LHB David Justice 0-0: Called Strike
0-1: Ball
1-1: Called Strike
1-2: Foul Ball, location: 2F
1-2: Ball
2-2: Fly out, F9 (Flyball, 9, EV 86.9 MPH)
Batting: SHB Geronimo Pena 0-0: Called Strike
0-1: Called Strike
0-2: Ball
1-2: Fly out, F7 (Flyball, 7S, EV 88.1 MPH)
Top of the 3rd over - 0 runs, 0 hits, 0 errors, 0 left on base; Oakland 4 - San Diego 1
BOTTOM OF THE 3RD
San Diego Padres batting - Pitching for Oakland Athletics : RHP John Mitchell
Batting: RHB Jeff Frye 0-0: Called Strike
0-1: Swinging Strike
0-2: Ground out U3 (Groundball, 34S, EV 86.9 MPH)
Batting: LHB Darryl Hamilton 0-0: Ground out U3 (Groundball, 34, EV 83.8 MPH)
Batting: LHB Jim Edmonds 0-0: Ball
1-0: Called Strike
1-1: Swinging Strike
1-2: Foul Ball, location: 2F
1-2: Ball
2-2: Strikes out swinging
Bottom of the 3rd over - 0 runs, 0 hits, 0 errors, 0 left on base; Oakland 4 - San Diego 1
TOP OF THE 4TH
Oakland Athletics batting - Pitching for San Diego Padres : RHP Darryl Kile
Batting: RHB Benito Santiago 0-0: Ball
1-0: Fly out, F6 (Popup, P, EV 78.8 MPH)
Batting: RHB Herbert Perry 0-0: Ball
1-0: Foul Ball, location: 2F
1-1: Called Strike
1-2: Strikes out swinging
Batting: SHB Devon White 0-0: Ball
1-0: Called Strike
1-1: Foul Ball, location: 2F
1-2: Strikes out swinging
Top of the 4th over - 0 runs, 0 hits, 0 errors, 0 left on base; Oakland 4 - San Diego 1
BOTTOM OF THE 4TH
San Diego Padres batting - Pitching for Oakland Athletics : RHP John Mitchell
Batting: RHB Manny Ramirez 0-0: Ball
1-0: Ball
2-0: Ball
3-0: Called Strike
3-1: Swinging Strike
3-2: Foul Ball, location: 2F
3-2: Base on Balls
Batting: SHB Tony Clark 0-0: Swinging Strike
0-1: Ball
1-1: DOUBLE (Groundball, 3L, EV 99.4 MPH)
Manny Ramirez to third
Runner from 3rd tries for Home, SAFE, throw by RF to trailing runner, SAFE at third!
Batting: LHB Dave Magadan 0-0: Called Strike
0-1: Foul Ball, location: 2F
0-2: Ball
1-2: Ball
2-2: Ground out 6-3 (Groundball, 6, EV 81.9 MPH)
Tony Clark scores
Batting: RHB Jeff Conine 0-0: Called Strike
0-1: Ball
1-1: SINGLE (Line Drive, 8LS, EV 96.9 MPH)
Batting: LHB Ed Taubensee 0-0: Ball
1-0: Ball
2-0: Fly out, F8 (Flyball, 8LD, EV 102.5 MPH)
Batting: RHB Craig Grebeck 0-0: Called Strike
0-1: Ball
1-1: Called Strike
1-2: Ball
2-2: Fly out, F9 (Line Drive, 9, EV 98.8 MPH)
Bottom of the 4th over - 2 runs, 2 hits, 0 errors, 1 left on base; Oakland 4 - San Diego 3
TOP OF THE 5TH
Oakland Athletics batting - Pitching for San Diego Padres : RHP Darryl Kile
Batting: RHB Greg Litton 0-0: Called Strike
0-1: Foul Ball, location: 2F
0-2: Strikes out swinging
Batting: RHB Rickey Henderson 0-0: Ball
1-0: Fly out, F9 (Flyball, 89D, EV 103.1 MPH)
Batting: LHB John Olerud 0-0: Ball
1-0: Ground out 6-3 (Groundball, 56D, EV 106.3 MPH)
Top of the 5th over - 0 runs, 0 hits, 0 errors, 0 left on base; Oakland 4 - San Diego 3
BOTTOM OF THE 5TH
San Diego Padres batting - Pitching for Oakland Athletics : RHP John Mitchell
Batting: RHB Jeff Frye 0-0: Ball
1-0: Ball
2-0: Called Strike
2-1: Ball
3-1: Foul Ball, location: 2F
3-2: Ground out 6-3 (Groundball, 6, EV 86.3 MPH)
Batting: LHB Darryl Hamilton 0-0: Called Strike
0-1: Ball
1-1: Foul Ball, location: 2F
1-2: SINGLE (Line Drive, 6M, EV 99.4 MPH)
Batting: LHB Jim Edmonds 0-0: DOUBLE (Flyball, 89XD, EV 105.6 MPH)
Darryl Hamilton to third
Batting: RHB Manny Ramirez 0-0: Ball
1-0: Called Strike
1-1: Foul Ball, location: 2F
1-2: Fly out, F3 (Popup, 3S, EV 73.8 MPH)
Batting: SHB Tony Clark 0-0: Ball
1-0: Called Strike
1-1: Called Strike
1-2: Fly out, F9 (Flyball, 89D, EV 106.3 MPH)
Bottom of the 5th over - 0 runs, 2 hits, 0 errors, 2 left on base; Oakland 4 - San Diego 3
TOP OF THE 6TH
Oakland Athletics batting - Pitching for San Diego Padres : RHP Darryl Kile
Batting: RHB Jay Buhner 0-0: Foul Ball, location: 2F
0-1: Foul Ball, location: 2F
0-2: Ball
1-2: SINGLE (Line Drive, 8LS, EV 101.3 MPH)
Batting: LHB David Justice 0-0: Called Strike
0-1: Foul Ball, location: 2F
0-2: Ball
1-2: Foul Ball, location: 2F
1-2: Fly out, F8 (Flyball, 89M, EV 88.1 MPH)
Batting: SHB Geronimo Pena 0-0: Swinging Strike
0-1: Foul Ball, location: 2F
0-2: Strikes out swinging
Batting: RHB Benito Santiago 0-0: Ball
1-0: Swinging Strike
1-1: Fielders Choice at 2nd, 6-4 (Groundball, 6, EV 83.1 MPH)
Top of the 6th over - 0 runs, 1 hit, 0 errors, 1 left on base; Oakland 4 - San Diego 3
BOTTOM OF THE 6TH
San Diego Padres batting - Pitching for Oakland Athletics : RHP John Mitchell
Batting: LHB Dave Magadan 0-0: Foul Ball, location: 2F
0-1: Ball
1-1: Ball
2-1: Called Strike
2-2: Ground out 4-3 (Groundball, 4, EV 76.3 MPH)
Batting: RHB Jeff Conine 0-0: Fly out, F6 (Popup, 56D, EV 44.4 MPH)
Batting: LHB Ed Taubensee 0-0: Called Strike
0-1: Ball
1-1: Called Strike
1-2: Ball
2-2: Fly out, F5 (Popup, 5F, EV 68.8 MPH)
Bottom of the 6th over - 0 runs, 0 hits, 0 errors, 0 left on base; Oakland 4 - San Diego 3
TOP OF THE 7TH
Oakland Athletics batting - Pitching for San Diego Padres : RHP Darryl Kile
Batting: RHB Herbert Perry 0-0: Called Strike
0-1: Ball
1-1: Foul Ball, location: 2F
1-2: Fly out, F7 (Flyball, 78D, EV 107.5 MPH)
Batting: SHB Devon White 0-0: Ground out U3 (Groundball, 3, EV 86.3 MPH)
Batting: RHB Greg Litton 0-0: Ball
1-0: Ball
2-0: Called Strike
2-1: Foul Ball, location: 2F
2-2: Foul Ball, location: 2F
2-2: Fly out, F7 (Flyball, 7LMF, EV 98.8 MPH)
Top of the 7th over - 0 runs, 0 hits, 0 errors, 0 left on base; Oakland 4 - San Diego 3
BOTTOM OF THE 7TH
San Diego Padres batting - Pitching for Oakland Athletics : RHP John Mitchell
Pitching: RHP Todd Van Poppel
Batting: RHB Craig Grebeck 0-0: Ball
1-0: Fly out, F8 (Flyball, 89D, EV 106.3 MPH)
Batting: RHB Jeff Frye 0-0: Foul Ball, location: 2F
0-1: Ball
1-1: SINGLE (Line Drive, 4D, EV 98.1 MPH)
Batting: LHB Darryl Hamilton 0-0: Called Strike
0-1: Called Strike
0-2: Fly out, F4 (Popup, 4M, EV 76.9 MPH)
Batting: LHB Jim Edmonds 0-0: Called Strike
0-1: Ball
1-1: Ground out 4-3 (Groundball, 4, EV 86.3 MPH)
Bottom of the 7th over - 0 runs, 1 hit, 0 errors, 1 left on base; Oakland 4 - San Diego 3
TOP OF THE 8TH
Oakland Athletics batting - Pitching for San Diego Padres : RHP Darryl Kile
Batting: RHB Rickey Henderson 0-0: Called Strike
0-1: Ball
1-1: Foul Ball, location: 2F
1-2: Foul Ball, location: 2F
1-2: Foul Ball, location: 2F
1-2: Strikes out swinging
Batting: LHB John Olerud 0-0: Ball
1-0: Ground out 5-3 (Groundball, 5, EV 105.0 MPH)
Batting: RHB Jay Buhner 0-0: Ball
1-0: Ball
2-0: Swinging Strike
2-1: Foul Ball, location: 2F
2-2: Strikes out swinging
Top of the 8th over - 0 runs, 0 hits, 0 errors, 0 left on base; Oakland 4 - San Diego 3
BOTTOM OF THE 8TH
San Diego Padres batting - Pitching for Oakland Athletics : RHP Todd Van Poppel
Batting: RHB Manny Ramirez 0-0: Foul Ball, location: 2F
0-1: Fly out, F8 (Flyball, 8RD, EV 106.3 MPH)
Batting: SHB Tony Clark 0-0: Foul Ball, location: 2F
0-1: Foul Ball, location: 2F
0-2: Ball
1-2: Strikes out swinging
Batting: LHB Dave Magadan 0-0: Called Strike
0-1: Ball
1-1: Foul Ball, location: 2F
1-2: Ball
2-2: Foul Ball, location: 2F
2-2: SINGLE (Line Drive, 5D, EV 96.9 MPH)
Batting: RHB Jeff Conine 0-0: Ball
1-0: Fielders Choice at 2nd, 6-4 (Groundball, 56, EV 90.0 MPH)
Bottom of the 8th over - 0 runs, 1 hit, 0 errors, 1 left on base; Oakland 4 - San Diego 3
TOP OF THE 9TH
Oakland Athletics batting - Pitching for San Diego Padres : RHP Darryl Kile
Batting: LHB David Justice 0-0: Called Strike
0-1: Foul Ball, location: 2F
0-2: Foul Ball, location: 2F
0-2: SINGLE (Groundball, 34D, EV 101.3 MPH)
Pitching: LHP Norm Charlton
Batting: SHB Geronimo Pena 0-0: Called Strike
0-1: Ball
1-1: Ball
2-1: Ball
3-1: SINGLE (Groundball, 34, EV 105.6 MPH)
David Justice to second
Runner from 2nd tries for 3rd, SAFE, no throw by RF
Batting: RHB Benito Santiago Pickoff Throw to First - Out! 1-3
0-0: SINGLE (Groundball, 34, EV 96.9 MPH)
David Justice scores
Batting: RHB Herbert Perry 0-0: Ball
Wild Pitch!
Benito Santiago to second
1-0: Intentional Walk
Batting: SHB Devon White 0-0: Called Strike
0-1: Swinging Strike
0-2: Ball
1-2: Strikes out swinging
Batting: RHB Greg Litton 0-0: Ball
1-0: Called Strike
1-1: Ball
2-1: Swinging Strike
2-2: Foul Ball, location: 2F
2-2: Strikes out swinging
Top of the 9th over - 1 run, 3 hits, 0 errors, 2 left on base; Oakland 5 - San Diego 3
BOTTOM OF THE 9TH
San Diego Padres batting - Pitching for Oakland Athletics : RHP Todd Van Poppel
Batting: LHB Ed Taubensee 0-0: Foul Ball, location: 2F
0-1: Ball
1-1: Ball
2-1: Ball
3-1: Fly out, F7 (Flyball, 78M, EV 88.8 MPH)
Batting: RHB Craig Grebeck 0-0: Swinging Strike
0-1: Called Strike
0-2: Ground out 4-3 (Groundball, 4, EV 86.3 MPH)
Batting: RHB Jeff Frye 0-0: Fly out, F3 (Popup, 3SF, EV 79.4 MPH)
Bottom of the 9th over - 0 runs, 0 hits, 0 errors, 0 left on base; Oakland 5 - San Diego 3
Tuesday, January 20th, 2026 - OOTP Baseball 20.8 Build 74